 Dungeon Crawl Stone Soup version 0.27-a0-1149-g4505690ab0 (webtiles) character file.

Game seed: 12672627430847776507

55 Sobieck the Magician (level 3, 0/26 HPs)
             Began as a Gnoll Hedge Wizard on May 12, 2021.
             Slain by a bullfrog zombie (1 damage)
             ... on level 2 of the Dungeon.
             The game lasted 00:03:39 (1687 turns).

Sobieck the Magician (Gnoll Hedge Wizard)           Turns: 1687, Time: 00:03:40

Health: 0/26       AC:  3    Str:  9    XL:     3   Next: 93%
Magic:  7/11       EV: 13    Int: 14    God:
Gold:   91         SH:  0    Dex: 11    Spells: 15/16 levels left

rFire    . . .     SeeInvis .   n - +0 quarterstaff {staff}
rCold    . . .     Faith    .   (shield currently unavailable)
rNeg     . . .     Spirit   .   b - +0 robe
rPois    .         Reflect  .   f - +0 helmet
rElec    .         Harm     .   (no cloak)
rCorr    .         Rampage  .   (no gloves)
Will     .....                  (no boots)
Stlth    ++........             (no amulet)
HPRegen  0.08/turn              (no ring)
MPRegen  0.12/turn              (no ring)

@: no status effects
A: fangs 1, strong nose, distributed training
a: no special abilities


You were on level 2 of the Dungeon.
You visited 1 branch of the dungeon, and saw 3 of its levels.

You collected 91 gold pieces.


Innate Abilities, Weirdness & Mutations

You have very sharp teeth.
Your uncanny sense of smell can sniff out nearby items.
Your experience applies equally to all skills.


   Skills:
 + Level 1.0 Fighting
 + Level 1.0 Short Blades
 + Level 1.0 Long Blades
 + Level 1.0 Axes
 + Level 1.0 Maces & Flails
 + Level 1.0 Polearms
 + Level 1.0 Staves
 + Level 1.0 Slings
 + Level 1.0 Bows
 + Level 1.0 Crossbows
 + Level 1.0 Throwing
 + Level 1.0 Armour
 + Level 4.6 Dodging
 + Level 4.2 Stealth
 + Level 1.0 Shields
 + Level 1.0 Unarmed Combat
 + Level 7.1 Spellcasting
 + Level 2.1 Conjurations
 + Level 0.7 Hexes
 + Level 2.1 Summonings
 + Level 0.7 Necromancy
 + Level 2.1 Translocations
 + Level 0.7 Transmutations
 + Level 0.7 Fire Magic
 + Level 0.7 Ice Magic
 + Level 0.7 Air Magic
 + Level 0.7 Earth Magic
 + Level 0.7 Poison Magic
 + Level 1.0 Invocations
 + Level 1.0 Evocations


You had 15 spell levels left.
You knew the following spells:

 Your Spells              Type           Power      Damage    Failure   Level
a - Magic Dart            Conj           44%        1d5       6%          1

Your spell library contained the following spells:

 Spells                   Type           Power      Damage    Failure   Level
 Summon Small Mammal      Summ           44%        N/A       6%          1
 Blink                    Tloc           N/A        N/A       9%          2
 Call Imp                 Summ           11%        N/A       9%          2
 Slow                     Hex            7%         N/A       16%         2
 Call Canine Familiar     Summ           11%        N/A       17%         3
 Conjure Flame            Conj/Fire      9%         6-21      24%         3
 Summon Guardian Golem    Hex/Summ       9%         N/A       24%         3
 Mephitic Cloud           Conj/Pois/Air  8%         N/A       26%         3
 Summon Ice Beast         Ice/Summ       9%         N/A       61%         4
 Summon Lightning Spire   Summ/Air       9%         N/A       61%         4

Inventory:

Hand Weapons
 a - a +0 dagger {short}
 e - a +0 rapier {short}
   (You found it on level 1 of the Dungeon)
 n - a +0 quarterstaff (weapon) {staff}
   (You found it on level 1 of the Dungeon)
Missiles
 k - 8 stones {throwing}
 o - 38 arrows
Armour
 b - a +0 robe (worn)
 c - a +0 hat
 f - a +0 helmet (worn)
   (You found it on level 1 of the Dungeon)
Magical Staves
 j - a staff of death {!astaff}
   (You found it on level 1 of the Dungeon)
Scrolls
 d - a scroll of summoning {unknown}
 g - 3 scrolls of blinking {unknown}
 m - a scroll of enchant armour {unknown}
 p - a scroll of teleportation {unknown}
Potions
 h - a potion of brilliance {unknown}
 i - a potion of berserk rage {unknown}
 l - 2 potions of curing {unknown}

Dungeon Overview and Level Annotations

Branches:
Dungeon (3/15)

Altars:
Wu Jian

Shops:
D:2

(
.#####.##.#....#.....#..##
#.#
#......##.#....#.....##.#
#.#
...######.#....+.....##.#
#.# ...# #.##.###.....##.#
#.# ...#
#.#..........##†####.####
#.##
#.#############..........
..# #....#...# ##.........
.##### ###.#..#.#
#......... .+<..#
#.....#@# ##........
.###.#####.....#Z#
#........
........##.._....#
#........
.##.....##....$..#
##...##'#
.##.....##.....###
#####††#...
........#.......
#..........
......###........
#.#..∩>#... ......#
#......... #.#.####...
......# #.......... #.#.#
#...


You could see a bullfrog zombie.


Message History

Your hp is fully restored (26).
(D) Dungeon
Where to? (Enter - D:3, ? - help)
There is a stone staircase leading down here.
You climb downwards.
There is a stone staircase leading up here.
You climb upwards.
There is a stone staircase leading down here.
An endoplasm comes into view.
The magic dart hits the endoplasm.
The endoplasm quivers. 😎 MP[-1]
You lost 1 mp, and now have 10/11 mp.
The magic dart hits the endoplasm. 😎 MP[-1]
You lost 1 mp, and now have 9/11 mp.
The magic dart hits the endoplasm.
You kill the endoplasm! 😎 MP[-1]
You lost 1 mp, and now have 8/11 mp.
You can't see any susceptible monsters within range! (Use Z to cast anyway.)
There is an escape hatch in the floor here.
Found an ornate altar of the Wu Jian Council. 😎 MP[+3]
Your mp is fully restored (11).
A worm comes into view.
You see here 15 gold pieces.
Unknown command.
You miscast Magic Dart.
You are very lightly contaminated with residual magic.
Nothing appears to happen. 😎 MP[-1]
You lost 1 mp, and now have 10/11 mp.
The magic dart hits the worm. 😎 MP[-1]
You lost 1 mp, and now have 9/11 mp.
You miscast Magic Dart.
Nothing appears to happen.
A bullfrog zombie comes into view. 😎 MP[-1]
You lost 1 mp, and now have 8/11 mp.
The magic dart hits the worm but does no damage. 😎 MP[-1]
You lost 1 mp, and now have 7/11 mp.
The magic dart hits the worm. 😎 MP[-1]
You lost 1 mp, and now have 6/11 mp.
The magic dart hits the worm. 😎 MP[-1]
You lost 1 mp, and now have 5/11 mp.
The magic dart hits the worm. 😎 MP[-1]
You lost 1 mp, and now have 4/11 mp. 😎 MP[+1]
The bullfrog zombie barely misses you.
You barely miss the bullfrog zombie. The bullfrog zombie misses you.
The bullfrog zombie hits you but does no damage.
You hit the bullfrog zombie. The bullfrog zombie hits you. 😕 HP[-2]
You take 2 damage, and now have 24/26 hp.
You hit the bullfrog zombie. The bullfrog zombie closely misses you.
Your magical contamination has completely faded away.
You hit the worm. 😕 MP[+1]
You barely miss the worm. The worm closely misses you.
You hit the worm but do no damage. You bite the worm, but do no damage.
You barely miss the worm. The worm barely misses you.
You hit the worm. The worm bites you! 😮 HP[-7]
You take 7 damage, and now have 17/26 hp.
MASSIVE DAMAGE!! (PAUSE)
You thump the worm!
You kill the worm!
The bullfrog zombie hits you. 😮 HP[-1]
You take 1 damage, and now have 16/26 hp.
You closely miss the bullfrog zombie.
You bite the bullfrog zombie, but do no damage.
The bullfrog zombie hits you but does no damage.
The bullfrog zombie hits you.
* * * LOW HITPOINT WARNING * * *
😨 HP[-4]
You take 4 damage, and now have 12/26 hp.
You sock the bullfrog zombie! Your bite misses the bullfrog zombie.
The bullfrog zombie hits you.
* * * LOW HITPOINT WARNING * * *
The bullfrog zombie closely misses you. 😱 HP[-6] MP[+1]
You take 6 damage, and now have 6/26 hp.
MASSIVE DAMAGE!! (PAUSE)
You barely miss the bullfrog zombie. The bullfrog zombie misses you.
Unknown command.
You hit the bullfrog zombie. The bullfrog zombie hits you.
* * * LOW HITPOINT WARNING * * *
The bullfrog zombie hits you.
* * * LOW HITPOINT WARNING * * *
😱 HP[-5]
You take 5 damage, and now have 1/26 hp.
You sock the bullfrog zombie! The bullfrog zombie hits you.
You die...

Skill      XL: |  1  2  3 |
---------------+----------+-----
Conjurations   | 2 |  2.1
Summonings     | 2 |  2.1
Translocations | 2 |  2.1
Invocations    | 1 |  1.0
Fighting       | 1 |  1.0
Short Blades   | 1 |  1.0
Long Blades    | 1 |  1.0
Axes           | 1 |  1.0
Maces & Flails | 1 |  1.0
Polearms       | 1 |  1.0
Staves         | 1 |  1.0
Slings         | 1 |  1.0
Bows           | 1 |  1.0
Crossbows      | 1 |  1.0
Throwing       | 1 |  1.0
Armour         | 1 |  1.0
Shields        | 1 |  1.0
Unarmed Combat | 1 |  1.0
Evocations     | 1 |  1.0
Dodging        | |  4.6
Stealth        | |  4.2
Spellcasting   | |  7.1
Hexes          | |  0.7
Necromancy     | |  0.7
Transmutations | |  0.7
Fire Magic     | |  0.7
Ice Magic      | |  0.7
Air Magic      | |  0.7
Earth Magic    | |  0.7
Poison Magic   | |  0.7

Action                   || total
-------------------------++-------
Melee: Dagger            ||    17
       Rapier            ||     2
       Quarterstaff      ||    22
       Bite              ||     2
 Cast: Magic Dart        ||    94
 Stab: Sleeping          ||     1
Armor: Robe              ||    12
Dodge: Dodged            ||    33

Levels and vault maps discovered:
D:1:      ncdulo_smallfort, layout_rooms, shapermc_ecumenical_altar_hornbeckon,
          minmay_worlds_worst_comb
D:2:      layout_basic, basic_altar, serial_shops, shop
D:3:      minmay_octagon_keep, layout_loops_ring, general_overflow_altar,
          minmay_diced_spiral

Notes
Turn   | Place    | Note
-------+----------+-------------------------------------------
     0 | D:1      | Sobieck the Gnoll Hedge Wizard began the quest for the Orb.
     0 | D:1      | Reached XP level 1. HP: 13/13 MP: 8/8
     0 | D:1      | magus.rc [v1.9.6]
   173 | D:1      | Reached skill level 2 in Conjurations
   173 | D:1      | Reached skill level 2 in Summonings
   173 | D:1      | Reached skill level 2 in Translocations
   261 | D:1      | Reached XP level 2. HP: 16/19 MP: 5/10
   663 | D:1      | Reached XP level 3. HP: 25/25 MP: 7/11
   729 | D:1      | You pick up a book of Callings and begin reading...
   729 | D:1      | You add the spells Summon Small Mammal, Call Canine
                  | Familiar, Summon Guardian Golem, Summon Lightning Spire and
                  | Summon Ice Beast to your library.
  1055 | D:1      | Found a faded altar of an unknown god.
  1241 | D:2      | Found Luoniyfi's Antique Weapon Boutique.
  1246 | D:2      | Reached skill level 1 in Invocations
  1501 | D:3      | Reached skill level 1 in Fighting
  1501 | D:3      | Reached skill level 1 in Short Blades
  1501 | D:3      | Reached skill level 1 in Long Blades
  1501 | D:3      | Reached skill level 1 in Axes
  1501 | D:3      | Reached skill level 1 in Maces & Flails
  1501 | D:3      | Reached skill level 1 in Polearms
  1501 | D:3      | Reached skill level 1 in Staves
  1501 | D:3      | Reached skill level 1 in Slings
  1501 | D:3      | Reached skill level 1 in Bows
  1501 | D:3      | Reached skill level 1 in Crossbows
  1501 | D:3      | Reached skill level 1 in Throwing
  1501 | D:3      | Reached skill level 1 in Armour
  1501 | D:3      | Reached skill level 1 in Shields
  1501 | D:3      | Reached skill level 1 in Unarmed Combat
  1501 | D:3      | Reached skill level 1 in Evocations
  1654 | D:2      | Found an ornate altar of the Wu Jian Council.
  1684 | D:2      | HP: 6/26 [bullfrog zombie (6)]
  1686 | D:2      | HP: 1/26 [bullfrog zombie (4)]
  1687 | D:2      | Slain by a bullfrog zombie

Vanquished Creatures
  2 worms
  3 dart slugs
  2 bats (D:1)
  4 endoplasms
  3 giant cockroaches (D:1)
  4 hobgoblins
  A kobold (D:2)
  2 quokkas
  5 ball pythons
  5 frilled lizards
  6 goblins (D:1)
  3 rats
40 creatures vanquished.

Vanquished Creatures (others)
  A fungus (D:1)
1 creature vanquished.

Grand Total: 41 creatures vanquished

Table legend:
 A = Non-vault XP
 B = Vault XP
 C = Vault XP percentage of total XP
 D = Non-vault monster count
 E = Vault monster count
 F = Vault count percentage of total count
                 A         B        C        D         E       F
            +---------+---------+-------+---------+---------+-------
      Total |      73 |       6 |   7.6 |      37 |       3 |   7.5
            +---------+---------+-------+---------+---------+-------
        D:1 |      42 |       6 |  12.5 |      24 |       3 |  11.1
        D:2 |      24 |       0 |   0.0 |      11 |       0 |   0.0
        D:3 |       7 |       0 |   0.0 |       2 |       0 |   0.0
            +---------+---------+-------+---------+---------+-------

Illustrated notes

Table legend:
 A = Kills in this place as a percentage of kills in entire the game.
 B = Kills by you in this place as a percentage of kills by you in the entire game.
 C = Kills by friends in this place as a percentage of kills by friends in the entire game.
 D = Other kills in this place as a percentage of other kills in the entire game.
 E = Experience gained in this place as a percentage of experience gained in the entire game.
 F = Experience gained in this place divided by the number of levels of this place that you have seen.
                   A       B       C       D       E      F
               +-------+-------+-------+-------+-------+----------------------
         Total | 100.0 | 100.0 |   N/A |   N/A | 100.0 |  26.3
       Dungeon | 100.0 | 100.0 |   N/A |   N/A | 100.0 |  26.3
               +-------+-------+-------+-------+-------+----------------------

Table legend: (Time is in decaauts)
 A = Elapsed time spent in this place.
 B = Non-inter-level travel time spent in this place.
 C = Inter-level travel time spent in this place.
 D = Time resting spent in this place.
 E = Time spent auto-exploring this place.
 F = Levels seen in this place.
 G = Mean time per level.
                   A        B        C        D        E       F      G
               +--------+--------+--------+--------+--------+-----+--------+
         Total |   1704 |   1631 |     73 |    208 |   1119 |   3 |  568.0 |
       Dungeon |   1704 |   1631 |     73 |    208 |   1119 |   3 |  568.0 |
               +--------+--------+--------+--------+--------+-----+--------+

Top non-repeatable levels by time:
     D:1: 1092 daAuts
     D:2: 591 daAuts
     D:3: 20 daAuts
